 Dungeon Crawl Stone Soup version 0.18-a0-1202-g796ae12 (webtiles) character file.

147 Oddball22 the Cutter (level 5, -2/26 HPs)
             Began as a Vine Stalker Artificer on Jan 31, 2016.
             Killed themself with a badly aimed fireball (9 damage)
             ... on level 3 of the Dungeon.
             The game lasted 00:04:46 (1979 turns).

Oddball22 the Cutter (Vine Stalker Artificer)       Turns: 1979, Time: 00:04:47

Health: -2/26      AC:  3    Str: 14    XL:     5   Next: 29%
Magic:  0/8        EV: 12    Int: 12    God:
Gold:   139        SH:  0    Dex: 15    Spells: 0 memorised, 4 levels left

rFire  . . .     SeeInvis .     a - +0 short sword
rCold  . . .     Gourm    .     b - +0 leather armour
rNeg   . . .     Faith    .     (no shield)
rPois  .         Spirit   +     (no helmet)
rElec  .         Dismiss  .     (no cloak)
rCorr  .         Reflect  .     (no gloves)
SustAt .         Harm     .     (no boots)
MR     .....                    (no amulet)
Stlth  +.........               (no ring)
                                m - ring of loudness (curse)

@: not resistant to hostile enchantments, very unstealthy
A: fangs 2, regeneration 1, magic shield, antimagic bite, no device heal 3, rot
immunity
a: no special abilities


You were on level 3 of the Dungeon.
You were hungry.

You visited 1 branch of the dungeon, and saw 3 of its levels.

You collected 139 gold pieces.

Inventory:

Hand Weapons
 a - a +0 short sword (weapon)
Armour
 b - a +0 leather armour (worn)
Jewellery
 m - a cursed ring of loudness (left hand)
Wands
 c - a wand of flame (12/48)
 d - a wand of enslavement (15/24)
 e - a wand of random effects (12/48)
 n - a wand of digging (12/24)
Scrolls
 h - 2 scrolls of enchant weapon {unknown}
 i - a scroll of remove curse {unknown}
 j - a scroll of immolation {unknown}
 k - 2 scrolls of magic mapping {unknown}
 p - a scroll of enchant armour {unknown}
 q - a scroll of teleportation {unknown}
 s - a scroll of noise {unknown}
Potions
 l - a potion of curing {unknown}
 r - a potion of poison {unknown}
Comestibles
 f - 3 bread rations
 g - 2 slices of pizza


   Skills:
 + Level 2.1 Fighting
 * Level 3.0 Short Blades
 + Level 2.7 Dodging
 - Level 1.2 Stealth
 - Level 2.6 Evocations


You had 4 spell levels left.
You didn't know any spells.

Dungeon Overview and Level Annotations

Branches:
Dungeon (3/15)

Altars:
Zin


Innate Abilities, Weirdness & Mutations

You have extremely sharp teeth.
Your natural rate of healing is unusually fast.
When hurt, damage is shared between your health and your magic reserves.
Your bite disrupts and absorbs the magic of your enemies.
Potions and wands cannot restore your health.
You are immune to rotting.


Message History

Zapping:
e - a wand of random effects (14/48)
Press: ? - help, Shift-Dir - straight line, f - orc priest
Aim: an orc priest Nothing appears to happen.
This wand has 13 charges left.
The orc hits you but does no damage.
Evoke which item? (* to show all) (? for menu, Esc to quit)
Zapping:
e - a wand of random effects (13/48)
Press: ? - help, Shift-Dir - straight line, f/p - orc priest
Aim: an orc priest The orc seems to speed up.
This wand has 12 charges left.
The orc hits you with a war axe!
* * * LOW HITPOINT WARNING * * *
Evoke which item? (* to show all) (? for menu, Esc to quit)
Zapping:
e - a wand of random effects (12/48)
Press: ? - help, Shift-Dir - straight line, f/p - orc priest
Aim: an orc priest The fireball explodes!
The fireball engulfs the orc.
You kill the orc!
The fireball engulfs you!
You die...

#. #. #. #$ .#
########### #. .# #
#.........# #.## .#
.. #[#######.# #..#
#o##. #.# #.# #@#
.... #.# #.# #)# ..#
#.# ##.## ##r##..#
#.# ##...####ogo.<.#
#.#
#........)o.......#
#.#
#....####.###.###...
#.# #.#.## #...# .#
# #.#####.#.# #.#.#
.# ..........# #. .#
K#


You could see an orc priest, 2 orcs, a goblin and a rat.

Vanquished Creatures
  An ogre (D:3)
  An adder (D:2)
  4 giant geckos
  3 orcs
  6 bats
  4 giant cockroaches
  4 goblins
  8 hobgoblins
  A quokka (D:2)
  10 giant newts
  5 kobolds
  4 rats
51 creatures vanquished.

Notes
Turn   | Place    | Note
--------------------------------------------------------------
     0 | D:1      | Oddball22 the Vine Stalker Artificer began the quest for the Orb.
     0 | D:1      | Reached XP level 1. HP: 9/9 MP: 3/3
   101 | D:1      | Reached skill level 1 in Short Blades
   181 | D:1      | Reached skill level 1 in Fighting
   316 | D:1      | Reached XP level 2. HP: 12/14 MP: 3/5
  1078 | D:2      | Reached XP level 3. HP: 18/18 MP: 6/6
  1304 | D:2      | Found a faded altar to an unknown god.
  1429 | D:2      | Found a glowing silver altar of Zin.
  1849 | D:3      | Noticed an ogre
  1859 | D:3      | Killed an ogre
  1859 | D:3      | Reached XP level 4. HP: 2/23 MP: 0/7
  1859 | D:3      | Reached XP level 5. HP: 2/26 MP: 0/8
  1964 | D:3      | Reached skill level 3 in Short Blades
  1979 | D:3      | Killed themself with a badly aimed fireball

Vault maps used:
D:1:      dpeg_arrival_boxes_within_box, minmay_newt_pond
D:2:      marbit_many_paths, ecumenical_altar_2
D:3:      nicolae_overflow_hidden_temple, first_bread

Action                   |  1- 3 |  4- 6 || total
-------------------------+-------+-------++-------
Melee: Short sword       |   133 |    39 ||   172
Evoke: Wand              |     3 |     3 ||     6
 Stab: Sleeping          |     4 |       ||     4
  Eat: Chunk             |     3 |       ||     3
